 Dungeon Crawl Stone Soup version 0.30-a0-509-gd016549fea (webtiles) character file.

Game seed: 4995625579180165825

6826 zero the Thaumaturge (level 10, -10/53 HPs)
             Began as a Deep Elf Earth Elementalist on Dec 22, 2022.
             Shot with a bolt by Grum (29 damage)
             ... in a bailey.
             The game lasted 00:11:39 (9355 turns).

zero the Thaumaturge (Deep Elf Earth Elementalist)  Turns: 9355, Time: 00:11:39

Health: -10/53     AC:  8    Str:  5    XL:     10   Next: 77%
Magic:  16/25      EV: 14    Int: 25    God:
Gold:   479        SH:  0    Dex: 15    Spells: 14/27 levels left

rFire   . . .      SeeInvis .    x - +4 sling (freeze)
rCold   + . .      Faith    .    (no shield)
rNeg    + . .      Spirit   .    a - +0 robe
rPois   .          Reflect  .    o - +1 helmet
rElec   .          Harm     .    h - +2 cloak
rCorr   .          Rampage  .    z - +0 pair of gloves
Will    +....                    (no boots)
Stlth   +++.......               F - amulet of magic regeneration
HPRegen 0.28/turn                r - ring of positive energy
MPRegen 0.59/turn                s - ring of protection from cold

@: radiating poison
A: no striking features
a: no special abilities


You were in a bailey.
You visited 1 branch of the dungeon, and saw 10 of its levels.
You also visited: Bailey.

You collected 479 gold pieces.

Inventory:

Hand Weapons
 n - the +10 hand axe of the Devouring Lamprey {vamp, Dex+5}
   (You found it on level 2 of the Dungeon)

   It occasionally heals its wielder for a portion of the damage dealt when it
   wounds a living foe.
   Dex:       It affects your dexterity (+5).
 x - a +4 sling of freezing (weapon)
Missiles
 D - 4 throwing nets
Armour
 a - a +0 robe (worn)
 h - a +2 cloak (worn)
 o - a +1 helmet (worn)
 z - a +0 pair of gloves (worn)
Jewellery
 q - a ring of resist corrosion
 r - a ring of positive energy (left hand)
 s - a ring of protection from cold (right hand)
 u - an amulet of reflection
 A - a ring of protection from cold
 F - an amulet of magic regeneration (around neck)
Wands
 d - a wand of polymorph (10)
 i - a wand of light (22)
 p - a wand of digging (7)
 B - a wand of roots (13)
 E - a wand of charming (19)
Scrolls
 c - 2 scrolls of fear
 f - 3 scrolls of amnesia
 g - 3 scrolls of identify
 m - 2 scrolls of fog
 w - a scroll of magic mapping
 y - 3 scrolls of vulnerability
Potions
 b - a potion of magic
 e - a potion of attraction
 j - a potion of ambrosia
 k - a potion of invisibility
 l - a potion of cancellation
 t - 3 potions of resistance
 v - a potion of curing
 C - a potion of haste


   Skills:
 - Level 2.0 Fighting
 - Level 3.0 Ranged Weapons
 - Level 5.0 Dodging
 - Level 5.0 Stealth
 + Level 9.1 Spellcasting
 - Level 8.0 Conjurations
 - Level 1.1 Transmutations
 + Level 7.0 Fire Magic
 - Level 8.0 Earth Magic
 - Level 8.0 Poison Magic


You had 14 spell levels left.
You knew the following spells:

 Your Spells              Type           Power      Damage    Failure   Level
a - Sandblast             Erth           100%       2d20      1%          1
b - Stone Arrow           Conj/Erth      100%       3d13      1%          3
e - Fireball              Conj/Fire      24%        3d11      7%          5
t - Olgreb's Toxic Radia  Pois           50%        N/A       1%          4

Your spell library contained the following spells:

 Spells                   Type           Power      Damage    Failure   Level
 Kiss of Death            Conj/Necr      100%       2d13      1%          1
 Sting                    Tmut/Pois      100%       1d8       1%          1
 Passwall                 Tmut/Erth      28%        N/A       1%          2
 Poisonous Vapours        Pois/Air       62%        N/A       1%          2
 Spider Form              Tmut/Pois      34%        N/A       2%          3
 Summon Small Mammal      Summ           44%        N/A       5%          1
 Iskenderun's Battlesphe  Conj           50%        2d10      5%          5
 Ensorcelled Hibernation  Hex/Ice        22%        N/A       9%          2
 Petrify                  Tmut/Erth      34%        N/A       9%          4
 Call Canine Familiar     Summ           11%        N/A       16%         3
 Confusing Touch          Hex            11%        N/A       16%         3
 Ozocubu's Armour         Ice            11%        N/A       16%         3
 Portal Projectile        Hex/Tloc       22%        N/A       16%         3
 Summon Guardian Golem    Hex/Summ       11%        N/A       16%         3
 Tukima's Dance           Hex            11%        N/A       16%         3
 Anguish                  Hex/Necr       5%         N/A       47%         4
 Dispel Undead            Necr           11%        3d9       47%         4
 Blade Hands              Tmut           8%         N/A       67%         5
 Metabolic Englaciation   Hex/Ice        5%         N/A       83%         5
 Conjure Ball Lightning   Conj/Air       15%        3x3d7     85%         6
 Orb of Destruction       Conj           25%        9d9       86%         7
 Simulacrum               Ice/Necr       5%         N/A       100%        6


Dungeon Overview and Level Annotations

Branches:
Dungeon (10/15)            Bailey (1/1)
 Temple: D:4-7         Lair: D:8-11         Orc: D:9-12

Altars:
Fedhas
Kikubaaqudgha
Makhleb
Nemelex Xobeh
Okawaru

Shops:
D:2 =

Annotations:
Bailey Grum


Message History

Your toxic radiance grows in intensity.
The gnoll bouda looks even sicker.
Your toxic aura wanes.
Grum the Hunter comes into view.
He is wielding a +1 arbalest of freezing and wearing a +2 ring mail of fire resistance.
The gnoll bouda prays to its god.
The gnoll bouda is healed somewhat.
Grum growls angrily.
Things that are here:
a +0 halberd; a +0 ring mail
Items here: )) [[ ÷ †.
There is an open door, spattered with blood here.
Things that are here:
a +0 halberd; a +0 chain mail You feel a bit more experienced.
Your Fire Magic skill increases to level 7!
Grum is nearby!
Grum shoots a bolt.
The bolt hits you!!
There is an open gate, spattered with blood here.
Grum shoots a bolt.
The bolt barely misses you.
Casting: Olgreb's Toxic Radiance (dangerous; 1% risk of failure)
Confirm with . or Enter, or press ? or * to list all spells.
You begin to radiate toxic energy.
Grum is poisoned.
Grum looks even sicker.
Grum shoots a bolt.
The bolt barely misses you.
Casting: Olgreb's Toxic Radiance (dangerous; 1% risk of failure)
Confirm with . or Enter, or press ? or * to list all spells.
Your toxic radiance grows in intensity.
Grum looks even sicker.
Grum is no longer moving quickly.
Grum shouts, "Spot!
Good boy!"
Grum looks as sick as possible!
Grum shoots a bolt.
The bolt barely misses you.
There is an open gate, spattered with blood here.
Casting: Olgreb's Toxic Radiance (dangerous; 1% risk of failure)
Confirm with . or Enter, or press ? or * to list all spells.
Aiming: Stone Arrow (safe; 1% risk of failure)
Press: ? - help, Shift-Dir - straight line, f - Grum
Aim: Grum, wielding a +1 arbalest of freezing and wearing a +2 ring mail of fire resistance (moderately wounded, extremely poisoned, 84% to hit)
The stone arrow hits Grum!!
Grum is severely wounded.
Grum shoots a bolt.
The bolt hits you!!
Ouch! That really hurt!
You die...

#..≈.♣ #..≈.♣♣ #..≈..♣♣ #####
#..≈...♣ . ##...## #..≈...♣
.##+###.....######..≈...♣♣
....)#.......#...'.......♣♣♣#
....)gg..8.))g)..@....)÷∩..∩#
....)#.)†)...#...'.....÷.♣♣♣#
.##'###.....######..≈...♣♣
#... ##...## #..≈..♣♣ #....
##### #..≈..♣ #....g #..≈..♣
##...g. #..≈.♣♣ ##.8...
#..≈.♣ ###### #...≈≈♣♣


You could see Grum (extremely poisoned).

Vanquished Creatures
  A two-headed ogre (D:9)
  A tengu warrior (D:9)
  2 hornets
  Prince Ribbit (D:8)
  A wraith (D:10)
  A steam dragon (D:6)
  2 water moccasins
  2 orc warriors
  3 black bears
  An ogre (D:5)
  3 wolves (Bailey)
  4 centaurs
  A phantom (D:5)
  A kobold brigand (D:9)
  3 bullfrogs
  2 necrophages
  5 scorpions
  4 gnoll sergeants (Bailey)
  5 wights
  23 killer bees
  A crimson imp (D:5)
  7 hounds
  5 orc priests
  6 gnoll boudas
  Crazy Yiuf (D:7)
  7 orc wizards
  Natasha (twice) (D:2)
  2 iguanas
  23 gnolls
  8 adders
  5 white imps
  2 dart slugs
  16 orcs
  7 endoplasms
  7 giant cockroaches
  9 goblins
  7 hobgoblins
  5 jackals (D:5)
  3 quokkas (D:1)
  11 ball pythons
  9 bats
  5 frilled lizards
  6 kobolds
  3 rats
223 creatures vanquished.

Notes
Turn   | Place    | Note
-------+----------+-------------------------------------------
     0 | D:1      | zero the Deep Elf Earth Elementalist began the quest for
                  | the Orb.
     0 | D:1      | Reached XP level 1. HP: 10/10 MP: 6/6
   112 | D:1      | Reached skill level 4 in Spellcasting
   112 | D:1      | Reached XP level 2. HP: 11/15 MP: 0/9
   329 | D:1      | Reached XP level 3. HP: 19/19 MP: 8/11
   333 | D:1      | Learned a level 3 spell: Stone Arrow
   377 | D:1      | Reached skill level 5 in Spellcasting
   853 | D:2      | Noticed Natasha
   860 | D:2      | Killed Natasha
   861 | D:2      | Reached skill level 1 in Conjurations
   861 | D:2      | Reached XP level 4. HP: 12/24 MP: 9/13
  1065 | D:2      | Noticed Natasha
  1070 | D:2      | Killed Natasha
  1356 | D:2      | Found Irghaorou's Jewellery Emporium.
  1441 | D:2      | Identified the +10 hand axe of the Devouring Lamprey {vamp,
                  | Dex+5}
  1637 | D:3      | Reached XP level 5. HP: 28/28 MP: 12/14
  2287 | D:4      | You fall into a shaft and drop 3 floors!
  2359 | D:6      | Noticed a water moccasin
  2433 | D:5      | Entered Level 5 of the Dungeon
  2473 | D:5      | Reached skill level 5 in Earth Magic
  2507 | D:5      | Reached XP level 6. HP: 32/32 MP: 12/15
  2512 | D:5      | Learned a level 4 spell: Olgreb's Toxic Radiance
  2550 | D:5      | Found a burning altar of Makhleb.
  2558 | D:5      | Reached skill level 1 in Poison Magic
  2855 | D:5      | Reached XP level 7. HP: 36/36 MP: 12/16
  2950 | D:5      | Reached skill level 5 in Conjurations
  2984 | D:5      | Noticed a hornet
  2989 | D:5      | Killed a hornet
  3296 | D:5      | Reached skill level 1 in Ranged Weapons
  3296 | D:5      | Reached XP level 8. HP: 31/41 MP: 14/17
  3372 | D:5      | Reached skill level 5 in Poison Magic
  3869 | D:6      | HP: 2/42 [poisoned by a water moccasin]
  4031 | D:6      | Reached skill level 1 in Fighting
  4173 | D:6      | Reached skill level 6 in Spellcasting
  4614 | D:6      | Reached XP level 9. HP: 47/48 MP: 13/20
  5215 | D:7      | Found a runed translucent door.
  5216 | D:7      | Noticed Crazy Yiuf
  5385 | D:7      | Reached skill level 7 in Spellcasting
  6639 | D:7      | Killed Crazy Yiuf
  6756 | D:7      | Identified the +8 hammer of Embarrassment {spect, *Corrode
                  | rC+ Dex+3}
  6807 | D:8      | Found an iron altar of Okawaru.
  6820 | D:8      | Reached skill level 5 in Stealth
  6934 | D:8      | Reached skill level 5 in Dodging
  7139 | D:8      | Reached skill level 8 in Spellcasting
  7228 | D:8      | Found a blossoming altar of Fedhas.
  7244 | D:8      | Reached XP level 10. HP: 49/53 MP: 14/24
  7921 | D:8      | Noticed Prince Ribbit
  7929 | D:8      | Killed Prince Ribbit
  8054 | D:8      | Found a sparkling altar of Nemelex Xobeh.
  8311 | D:9      | Learned a level 5 spell: Fireball
  8313 | D:9      | Noticed a two-headed ogre
  8332 | D:9      | Killed a two-headed ogre
  8360 | D:10     | Entered Level 10 of the Dungeon
  8455 | D:9      | Found an ancient bone altar of Kikubaaqudgha.
  8622 | D:9      | Reached skill level 5 in Fire Magic
  8710 | D:9      | Noticed a tengu warrior
  8718 | D:9      | Killed a tengu warrior
  8956 | D:9      | Found a flagged portal.
  8961 | Bailey   | Entered a bailey
  9297 | Bailey   | Reached skill level 9 in Spellcasting
  9342 | Bailey   | Noticed Grum
  9355 | Bailey   | Shot with a bolt by Grum

Illustrated notes

Levels and vault maps discovered:
D:1:      minmay_arrival_split_and_join, layout_rooms, minmay_pentomino_t4
D:2:      layout_basic, serial_shops, nicolae_shop_hallway_plus,
          corexii_leaking_fountain, uniq_natasha
D:3:      layout_basic
D:4:      layout_rooms, temple_hall, dk_noncrumbling_4
D:5:      layout_loops_cross, mainiacjoe_overflow_surrounded_room,
          minmay_fire_ice_demons
D:6:      layout_loops_corners, nicolae_hexahallways
D:7:      layout_basic, minmay_misc_feat_tiny, wad_floor_pattern_2,
          kennysheep_minor_cross, uniq_crazy_yiuf_cottage
D:8:      layout_gridville, overflow_temple_1_default, lemuel_tele_altar,
          mainiacjoe_overflow_boulevard, moated_statue, uniq_prince_ribbit1
D:9:      layout_irregular_city, lemuel_crystal_altar, erik_orc_1,
          enter_bailey_3, minivault_25
D:10:     minmay_cut_squares, layout_gridville, grunt_temple_overflow_open
Bailey:   bailey_polearm_gnolls_kennysheep, bailey

Skill      XL: |  1  2  3  4  5  6  7  8  9 10 |
---------------+-------------------------------+-----
Spellcasting   | 4 5 6 8 9 |  9.1
Conjurations   | 1 2 3 4 6 7 8 |  8.0
Earth Magic    | 4 5 6 7 8 |  8.0
Poison Magic   | 2 4 6 7 8 |  8.0
Ranged Weapons | 1 3 |  3.0
Fighting       | 2 |  2.0
Stealth        | 3 5 |  5.0
Dodging        | 3 5 |  5.0
Fire Magic     | 7 |  7.0
Transmutations | |  1.1

Action                   |  1- 3 |  4- 6 |  7- 9 | 10-12 || total
-------------------------+-------+-------+-------+-------++-------
Melee: Dagger            |    20 |     1 |       |       ||    21
       Punch             |     1 |       |       |       ||     1
       Hand axe          |       |    20 |     1 |       ||    21
 Fire: Sling             |       |       |   101 |    70 ||   171
 Cast: Sandblast         |    45 |    47 |    70 |     8 ||   170
       Stone Arrow       |       |     3 |    55 |    20 ||    78
       Olgreb's Toxic Ra |       |       |     5 |    27 ||    32
Evoke: Wand              |       |       |     5 |       ||     5
  Use: Scroll            |       |    11 |    11 |     2 ||    24
       Potion            |       |       |       |     1 ||     1
 Stab: Sleeping          |     1 |       |     1 |       ||     2
Armor: Robe              |    16 |    14 |    45 |     7 ||    82
Dodge: Dodged            |    62 |    26 |    91 |    42 ||   221
Block: Other             |       |     2 |    29 |     3 ||    34
       Reflection        |       |       |     4 |     1 ||     5

Table legend: (Time is in decaauts)
 A = Elapsed time spent in this place.
 B = Non-inter-level travel time spent in this place.
 C = Inter-level travel time spent in this place.
 D = Time resting spent in this place.
 E = Time spent auto-exploring this place.
 F = Levels seen in this place.
 G = Mean time per level.
                   A        B        C        D        E       F      G
               +--------+--------+--------+--------+--------+-----+--------+
         Total |   9502 |   9282 |    220 |   2409 |   5466 |  11 |  863.8 |
       Dungeon |   9100 |   8880 |    220 |   2186 |   5373 |  10 |  910.0 |
        Bailey |    401 |    401 |      0 |    223 |     93 |   1 |  401.0 |
               +--------+--------+--------+--------+--------+-----+--------+

Top non-repeatable levels by time:
     D:6: 1684 daAuts
     D:7: 1539 daAuts
     D:8: 1532 daAuts
     D:5: 1346 daAuts
     D:1: 863 daAuts
     D:2: 761 daAuts
     D:3: 709 daAuts
     D:9: 659 daAuts
  Bailey: 401 daAuts
    D:10: 3 daAuts
